 Dungeon Crawl Stone Soup version 0.25-a0-317-g5f8687bca5 (webtiles) character file.

Game seed: 11493808924718469861, levelgen mode: classic

134 Borgoz the Covered (level 5, -1/33 HPs)
             Began as a Gargoyle Fighter on Dec 25, 2019.
             Slain by an ogre
             ... wielding a +0 giant spiked club
              (3 damage)
             ... on level 3 of the Dungeon.
             The game lasted 00:02:41 (2610 turns).

Borgoz the Covered (Gargoyle Fighter)               Turns: 2610, Time: 00:02:42

Health: -1/33      AC: 15    Str: 19    XL:     5   Next: 17%
Magic:  5/5        EV:  3    Int:  9    God:
Gold:   97         SH:  9    Dex: 10    Spells: 4/4 levels left

rFire    . . .     SeeInvis .   a - +0 flail
rCold    . . .     Gourm    .   c - +0 shield
rNeg     + . .     Faith    .   i - +0 plate armour
rPois    ∞         Spirit   .   (no helmet)
rElec    +         Reflect  .   (no cloak)
rCorr    .         Harm     .   (no gloves)
MR       .....                  (no boots)
Stlth    ..........             (no amulet)
HPRegen  0.11/turn              (no ring)
MPRegen  0.09/turn              (no ring)

@: no status effects
A: negative energy resistance 1, electricity resistance, unbreathing,
petrification resistance, rot immunity, AC +4
a: no special abilities


You were on level 3 of the Dungeon.
You were not hungry.

You visited 1 branch of the dungeon, and saw 4 of its levels.

You collected 97 gold pieces.

Inventory:

Hand Weapons
 a - a +0 flail (weapon)
Armour
 c - a +0 shield (worn)
 i - a +0 plate armour (worn)
Scrolls
 e - 2 scrolls of identify {unknown}
 g - a scroll of fear {unknown}
 j - 2 scrolls of amnesia {unknown}
 k - 2 scrolls of teleportation {unknown}
 l - a scroll of enchant weapon {unknown}
 m - 2 scrolls of magic mapping {unknown}
 o - a scroll of blinking {unknown}
Potions
 b - a potion of degeneration {unknown}
 d - a potion of might
 h - a potion of heal wounds {unknown}
 n - 2 potions of agility {unknown}
Comestibles
 f - 7 rations


   Skills:
 + Level 4.0 Fighting
 * Level 3.5 Maces & Flails
 + Level 4.0 Armour
 + Level 1.5 Dodging
 - Level 3.2 Shields


You had 4 spell levels left.
You didn't know any spells.
Your spell library was empty.

Dungeon Overview and Level Annotations

Branches:
Dungeon (4/15)
 Temple: D:4-7

Altars:
Nemelex Xobeh
Sif Muna
Xom
The Shining One

Annotations:
D:4 Sigmund


Innate Abilities, Weirdness & Mutations

You are resistant to torment.
Your stone body is resilient. (AC +4)
You are immune to poison.
You resist negative energy. (rN+)
You are resistant to electric shocks. (rElec)
You can survive without breathing.
You are immune to petrification.
You are immune to rotting.


Message History

Sigmund shouts!
The ogre shouts!
Found a stone staircase leading up.
There is a stone staircase leading up here.
Sigmund hits you from afar with a +0 scythe.
You climb upwards.
There is a stone staircase leading down here.
You barely miss the ogre.
The ogre hits you with a +0 giant spiked club. x2
You barely miss the ogre. You hit the ogre.
The ogre is lightly wounded.
The ogre hits you with a +0 giant spiked club!
Your shield and plate armour prevent you from hitting the ogre.
The ogre is lightly wounded.
The ogre hits you with a +0 giant spiked club!
* * * LOW HITPOINT WARNING * * *
You barely miss the ogre.
The ogre is lightly wounded.
The ogre hits you with a +0 giant spiked club.
You die...

#########.#
..........#
.########.# .# #.#
.########.#
........#.#####
........).....#
.######.#.....####
........+......O@#
.....#.##......###
##.#.#.##.)....#
...#.#.........#
#..#.####......#
...............#
(......<#.....##
.......##.....#
###########'###


You could see an ogre.

Vanquished Creatures
  A worker ant (D:3)
  A hound skeleton (D:3)
  2 adders (D:2)
  An ooze (D:1)
  2 worms
  4 dart slugs
  2 leopard geckos
  3 orcs (D:3)
  8 bats
  2 giant cockroaches
  6 goblins
  6 hobgoblins
  2 quokkas
  5 frilled lizards
  8 kobolds
  11 rats
64 creatures vanquished.

Notes
Turn   | Place    | Note
-------+----------+-------------------------------------------
     0 | D:1      | Borgoz the Gargoyle Fighter began the quest for the Orb.
     0 | D:1      | Reached XP level 1. HP: 14/14 MP: 1/1
   405 | D:1      | Reached XP level 2. HP: 17/19 MP: 2/2
   650 | D:1      | Reached XP level 3. HP: 18/23 MP: 3/3
   784 | D:1      | Found a sparkling altar of Nemelex Xobeh.
  1075 | D:2      | Found a shimmering altar of Xom.
  1190 | D:2      | Reached skill level 1 in Dodging
  1346 | D:2      | Reached XP level 4. HP: 29/29 MP: 4/4
  1806 | D:2      | Found a shimmering blue altar of Sif Muna.
  2297 | D:3      | Reached XP level 5. HP: 33/33 MP: 5/5
  2337 | D:3      | Found a glowing golden altar of the Shining One.
  2602 | D:4      | Noticed Sigmund
  2602 | D:4      | Noticed an ogre
  2610 | D:3      | Slain by an ogre

Levels and vault maps discovered:
D:1:      wander_arrival_estate, layout_rooms, nemelex_diamond_rough_becter
D:2:      layout_basic, lemuel_blue_sif_altar, lemuel_crystal_altar
D:3:      layout_basic, tso_metal_star, first_ration, chequers_decorated_corner,
          kennysheep_generic_room_16
D:4:      layout_cave_pools, kennysheep_mini_moat, lightli_temple_of_fire,
          gammafunk_temple_overflow_pools, uniq_robin, uniq_sigmund

Skill      XL: |  1  2  3  4 |
---------------+-------------+-----
Dodging        | 1 |  1.5
Maces & Flails | 3 |  3.5
Fighting       | 4 |  4.0
Armour         | 4 |  4.0
Shields        | |  3.2

Action                   |  1- 3 |  4- 6 || total
-------------------------+-------+-------++-------
Melee: Flail             |   198 |   105 ||   303
  Eat: Chunk             |     2 |     4 ||     6
Armor: Scale mail        |    75 |       ||    75
       Plate armour      |    90 |    85 ||   175
Dodge: Dodged            |    58 |    14 ||    72
Block: Shield            |   126 |    50 ||   176

Table legend:
 A = Non-vault XP
 B = Vault XP
 C = Vault XP percentage of total XP
 D = Non-vault monster count
 E = Vault monster count
 F = Vault count percentage of total count
                 A         B        C        D         E       F
            +---------+---------+-------+---------+---------+-------
      Total |     173 |      19 |   9.9 |      62 |       2 |   3.1
            +---------+---------+-------+---------+---------+-------
        D:1 |      40 |       0 |   0.0 |      22 |       0 |   0.0
        D:2 |      69 |       0 |   0.0 |      24 |       0 |   0.0
        D:3 |      64 |      19 |  22.9 |      16 |       2 |  11.1
            +---------+---------+-------+---------+---------+-------
